 Dungeon Crawl Stone Soup version 0.23.2-1-ga50397a (webtiles) character file.

Game seed: 1647403705696733045

945 Brandominion011 the Skirmisher (level 8, 0/84 HPs)
             Began as an Ogre Fighter on May 22, 2019.
             Slain by an orc wizard
             ... wielding a +0 dagger
              (5 damage)
             ... on level 5 of the Dungeon.
             The game lasted 00:15:36 (4091 turns).

Brandominion011 the Skirmisher (Ogre Fighter)       Turns: 4091, Time: 00:15:37

Health: 0/84       AC:  3    Str: 23    XL:     8   Next: 13%
Magic:  8/8        EV: 10    Int:  9    God:
Gold:   203        SH: 14    Dex:  8    Spells: 7/7 levels left

rFire    . . .     SeeInvis .   a - +3 war axe
rCold    . . .     Gourm    .   c - +2 shield
rNeg     . . .     Faith    .   b - +0 robe
rPois    .         Spirit   .   (helmet restricted)
rElec    .         Reflect  +   (no cloak)
rCorr    .         Harm     .   (gloves unavailable)
MR       .....                  (boots unavailable)
Stlth    +.........             l - +3 amulet of reflection
HPRegen  0.24/turn              (no ring)
MPRegen  0.11/turn              (no ring)

@: no status effects
A: large, unfitting armour, tough skin 1
a: no special abilities


You were on level 5 of the Dungeon.
You were hungry.

You visited 2 branches of the dungeon, and saw 6 of its levels.

You collected 203 gold pieces.

Inventory:

Hand Weapons
 a - a +3 war axe (weapon)
Armour
 b - a +0 robe (worn)
 c - a +2 shield (worn)
Jewellery
 l - a +3 amulet of reflection (around neck)
Scrolls
 d - a scroll of identify
 i - a scroll of fog
 k - 2 scrolls of remove curse
Potions
 e - a potion of lignification
 h - 2 potions of curing
 j - 2 potions of resistance
 m - a potion of haste
Comestibles
 f - 7 rations
 g - 6 chunks of flesh


   Skills:
 + Level 6.6 Fighting
 + Level 4.4 Axes
 + Level 4.5 Dodging
 * Level 5.9 Shields


You had 7 spell levels left.
You didn't know any spells.
Your spell library was empty.

Dungeon Overview and Level Annotations

Branches:
Dungeon (5/15)             Temple (1/1) D:4

Altars:
Ashenzari
Elyvilon
Gozag
Hepliaklqana
Kikubaaqudgha
Makhleb
Ru
Sif Muna
Trog
Uskayaw
Vehumet
Wu Jian
Xom
Yredelemnul


Innate Abilities, Weirdness & Mutations

You are too large for most types of armour.
You have tough skin. (AC +1)


Message History

Deactivating autopickup; reactivate with Ctrl-A.
Something hits you but does no damage.
You feel less confused. Something hits you but does no damage.
The crimson imp hits you but does no damage.
You hear the slow rusting of a distant drain.
You feel less wooden.
Your +0 robe unmelds from your body.
Something hits you.
* * * LOW HITPOINT WARNING * * *
You block the crimson imp's attack. Something hits you.
* * * LOW HITPOINT WARNING * * *
You block the crimson imp's attack. Something hits you.
* * * LOW HITPOINT WARNING * * *
You block the crimson imp's attack.
You closely miss something. You slash the crimson imp!
Something hits you but does no damage. You block the crimson imp's attack.
Something hits you.
You die...

#..#.##.# #..#..#.#
#<.##.#.# #....)..#
# ##......#### .#
###.[.....# ..#
#..####.####...##
.......#.(.).......
###..#...{@5.....$.
#..###..)........
#..# ##.##.#...#.
.[.# .# ..# #####
.. .# .#. # .#.. ..
..


You could see a crimson imp.

Vanquished Creatures
  Grinder (D:4)
  Edmund (D:4)
  Duvessa (D:4)
  An ogre (D:5)
  A bullfrog (D:5)
  Dowan (D:4)
  A vampire bat (D:2)
  A hound (D:4)
  2 centaur skeletons (D:4)
  An orc priest (D:5)
  2 adders
  2 oozes
  A worm (D:3)
  A dart slug (D:1)
  3 leopard geckos
  7 orcs
  2 bat skeletons (D:2)
  4 bat zombies (D:2)
  A giant cockroach (D:1)
  8 goblins
  3 hobgoblins
  7 jackals
  4 kobolds
  4 quokkas
  6 bats
  5 frilled lizards
  A quokka skeleton (D:4)
  3 rats
75 creatures vanquished.

Vanquished Creatures (others)
  A sky beast (D:5)
1 creature vanquished.

Grand Total: 76 creatures vanquished

Notes
Turn   | Place    | Note
-------+----------+-------------------------------------------
     0 | D:1      | Brandominion011 the Ogre Fighter began the quest for the
                  | Orb.
     0 | D:1      | Reached XP level 1. HP: 24/24 MP: 1/1
    90 | D:1      | Reached XP level 2. HP: 27/32 MP: 2/2
   246 | D:1      | Reached XP level 3. HP: 16/39 MP: 3/3
   948 | D:2      | Found an ornate altar of the Wu Jian Council.
  1664 | D:2      | Reached XP level 4. HP: 48/49 MP: 4/4
  1669 | D:2      | Found an ancient bone altar of Kikubaaqudgha.
  2057 | D:3      | Found a sacrificial altar of Ru.
  2289 | D:3      | Reached XP level 5. HP: 55/55 MP: 5/5
  2749 | D:4      | Found a staircase to the Ecumenical Temple.
  2761 | Temple   | Entered the Ecumenical Temple
  3092 | D:4      | Reached skill level 5 in Fighting
  3126 | D:4      | Noticed Grinder
  3128 | D:4      | Paralysed by Grinder for 2 turns
  3132 | D:4      | Noticed Duvessa
  3140 | D:4      | Paralysed by Grinder for 5 turns
  3142 | D:4      | Noticed Dowan
  3151 | D:4      | Killed Duvessa
  3151 | D:4      | Reached XP level 6. HP: 54/66 MP: 6/6
  3152 | D:4      | Killed Dowan
  3161 | D:4      | Paralysed by Grinder for 3 turns
  3166 | D:4      | Killed Grinder
  3166 | D:4      | Reached skill level 5 in Shields
  3166 | D:4      | Reached XP level 7. HP: 30/74 MP: 7/7
  3389 | D:4      | Found a shattered altar of Ashenzari.
  3462 | D:4      | Reached skill level 6 in Fighting
  3719 | D:4      | Found a bloodstained altar of Trog.
  3804 | D:4      | Noticed Edmund
  3819 | D:4      | Killed Edmund
  3993 | D:5      | Entered Level 5 of the Dungeon
  4019 | D:5      | Identified the +2 robe of Mihucoj {*Contam rF- MR+ Dex+3}
  4020 | D:5      | Reached XP level 8. HP: 38/84 MP: 8/8
  4091 | D:5      | Slain by an orc wizard

Skill      XL: |  1  2  3  4  5  6  7 |
---------------+----------------------+-----
Shields        | 3 4 5 |  5.9
Dodging        | 3 4 |  4.5
Fighting       | 5 6 |  6.6
Axes           | 3 4 |  4.4

Action                   |  1- 3 |  4- 6 |  7- 9 || total
-------------------------+-------+-------+-------++-------
Melee: War axe           |   106 |    89 |    53 ||   248
  Use: Scroll            |     6 |    10 |       ||    16
       Potion            |       |     1 |     2 ||     3
  Eat: Chunk             |     3 |     4 |     3 ||    10
Armor: Robe              |    22 |    30 |    14 ||    66
       Skin              |       |       |    43 ||    43
Dodge: Dodged            |    40 |    33 |    17 ||    90
Block: Shield            |    55 |    63 |    71 ||   189
